 Dungeon Crawl Stone Soup version 0.27.1-1-g398f81649c (webtiles) character file.

Game seed: 11270878857830734179

342 phibes the Stinger (level 6, -17/36 HPs)
             Began as an Octopode Venom Mage on Sept 10, 2021.
             Was a Follower of Wu Jian.
             Demolished by an ogre (34 damage)
             ... on level 4 of the Dungeon.
             The game lasted 00:59:56 (4611 turns).

phibes the Stinger (Octopode Venom Mage)            Turns: 4611, Time: 00:59:57

Health: -17/36     AC:  1    Str:  7    XL:     6   Next: 57%
Magic:  8/12       EV: 13    Int: 19    God:    Wu Jian [*.....]
Gold:   139        SH:  0    Dex: 13    Spells: 12/13 levels left

rFire    . . .     SeeInvis .   (no weapon)
rCold    . . .     Faith    .   (no shield)
rNeg     . . .     Spirit   .   (helmet restricted)
rPois    .         Reflect  .   (no amulet)
rElec    .         Harm     .   h - ring of resist corrosion
rCorr    +         Rampage  .   w - ring of flight
Will     .....                  (no ring)
Stlth    +++.......             (no ring)
HPRegen  0.12/turn              (no ring)
MPRegen  0.13/turn              (no ring)
                                (no ring)
                                (no ring)

@: flying
A: almost no armour, amphibious, 8 rings, camouflage 1, gelatinous body 1,
(nimble swimmer 1), tentacles
a: Renounce Religion


You were on level 4 of the Dungeon.
You worshipped Wu Jian.
Wu Jian was aware of your devotion.
You visited 1 branch of the dungeon, and saw 4 of its levels.

You collected 139 gold pieces.

Inventory:

Hand Weapons
 a - a +0 dagger
 i - a +0 hunting sling
 p - a +0 dagger of venom
 q - a +0 hunting sling
 r - a +2 mace of protection
 s - a +2 dagger of venom
Missiles
 c - 172 stones
 j - 7 curare-tipped darts
 n - 12 poisoned darts
 v - 27 sling bullets
Armour
 g - a +0 buckler
Jewellery
 h - a ring of resist corrosion (left tentacle)
 w - a ring of flight (right tentacle)
Wands
 o - a wand of digging (2)
Scrolls
 b - a scroll of fear {unknown}
 d - a scroll of brand weapon {unknown}
 e - a scroll of identify {unknown}
 l - a scroll of vulnerability {unknown}
 t - a scroll of acquirement {unknown}
 u - a scroll of immolation {unknown}
Potions
 f - a potion of heal wounds {unknown}
 k - a potion of flight {unknown}
 m - a potion of attraction {unknown}


   Skills:
 + Level 2.5 Dodging
 - Level 2.6 Stealth
 + Level 4.4 Spellcasting
 - Level 1.0 Transmutations
 + Level 6.4 Poison Magic


You had 12 spell levels left.
You knew the following spells:

 Your Spells              Type           Power      Damage    Failure   Level
a - Sting                 Tmut/Pois      72%        1d6       2%          1

Your spell library contained the following spells:

 Spells                   Type           Power      Damage    Failure   Level
 Poisonous Vapours        Pois/Air       32%        N/A       5%          2
 Olgreb's Toxic Radiance  Pois           28%        N/A       10%         4
 Mephitic Cloud           Conj/Pois/Air  12%        N/A       16%         3
 Ozocubu's Armour         Ice            4%         N/A       36%         3
 Metabolic Englaciation   Hex/Ice        2%         N/A       98%         5
 Simulacrum               Ice/Necr       2%         N/A       100%        6


Dungeon Overview and Level Annotations

Branches:
Dungeon (4/15)
 Temple: D:4-7

Altars:
Kikubaaqudgha
Wu Jian

Shops:
D:4 !


Innate Abilities, Weirdness & Mutations

You cannot wear most types of armour.
You are amphibious.
You can wear up to eight rings at the same time.
Your skin changes colour to match your surroundings (Stealth+).
Your rubbery body absorbs attacks. (AC +1, EV +1)
((You are camouflaged near water. (Stealth+)))
You have tentacles for arms and can constrict up to eight enemies at once.


Message History

The hound misses you. The hound bites you.
Casting: Sting (safe; 3% risk of failure)
Confirm with . or Enter, or press ? or * to list all spells.
Aiming: Sting (safe; 3% risk of failure)
Press: ? - help, Shift-Dir - straight line, f/p - hound
Aim: a hound (almost dead, poisoned, 64% to hit)
The sting hits the hound.
The hound looks even sicker.
You kill the hound!
The Council accepts your kill.
Casting: Sting (safe; 3% risk of failure)
Confirm with . or Enter, or press ? or * to list all spells.
Aiming: Sting (safe; 3% risk of failure)
Press: ? - help, Shift-Dir - straight line, f - hobgoblin
Aim: a hobgoblin (74% to hit)
The sting hits the hobgoblin.
The hobgoblin is poisoned.
The hobgoblin is almost dead.
You kill the hobgoblin!
The Council accepts your kill.
Casting: Sting (safe; 2% risk of failure)
Confirm with . or Enter, or press ? or * to list all spells.
Aiming: Sting (safe; 2% risk of failure)
Press: ? - help, Shift-Dir - straight line, f - ogre
Aim: an ogre, wielding a +0 giant spiked club (88% to hit)
The sting hits the ogre.
The ogre is poisoned.
The ogre is moderately wounded.
Casting: Sting (safe; 2% risk of failure)
Confirm with . or Enter, or press ? or * to list all spells.
Aiming: Sting (safe; 2% risk of failure)
Press: ? - help, Shift-Dir - straight line, f/p - ogre
Aim: an ogre, wielding a +0 giant spiked club (moderately wounded, poisoned, 88% to hit)
The sting hits the ogre.
The ogre looks even sicker.
The ogre is moderately wounded.
The ogre hits you with a +0 giant spiked club!
Unknown command.
You spin and attack the ogre.
You tentacle-slap the ogre.
The ogre is heavily wounded.
The ogre hits you with a +0 giant spiked club!!
Ouch! That really hurt!
You die...

h. O#. #....
#######.# #.#.#
#.@.....#
#$#.####
#O####....
##......#######.#
#
...........Og...#
##.>..$.#######.#
##.....# #.#
#.....# #.#
.####.### #.# .#
#.# #.#####


You could see an ogre (very poisoned).

Vanquished Creatures
  An ogre (D:4)
  An orc priest (D:3)
  A hound (D:4)
  Jessica (D:2)
  Robin (D:1)
  6 adders
  3 dart slugs
  7 orcs
  4 bats
  4 endoplasms
  3 giant cockroaches
  16 goblins
  8 hobgoblins
  2 jackals (D:1)
  6 quokkas
  8 ball pythons
  4 frilled lizards
  9 kobolds
  3 rats
88 creatures vanquished.

Notes
Turn   | Place    | Note
-------+----------+-------------------------------------------
     0 | D:1      | phibes the Octopode Venom Mage began the quest for the Orb.
     0 | D:1      | Reached XP level 1. HP: 11/11 MP: 3/3
   140 | D:1      | Reached XP level 2. HP: 4/17 MP: 1/5
   338 | D:1      | Reached skill level 4 in Poison Magic
   795 | D:1      | Reached XP level 3. HP: 16/21 MP: 2/6
  1623 | D:2      | Reached XP level 4. HP: 21/27 MP: 5/8
  1916 | D:2      | Noticed Robin
  2056 | D:1      | Killed Robin
  2057 | D:1      | Reached skill level 5 in Poison Magic
  2814 | D:2      | Noticed Jessica
  2835 | D:2      | Killed Jessica
  2992 | D:2      | Reached XP level 5. HP: 27/31 MP: 5/10
  3094 | D:3      | Found an ancient bone altar of Kikubaaqudgha.
  3797 | D:3      | Found a faded altar of an unknown god.
  4077 | D:3      | Became a worshipper of the Wu Jian Council
  4077 | D:3      | Reached * piety under Wu Jian
  4433 | D:4      | Found Huesoimo's Distillery.
  4469 | D:4      | Reached XP level 6. HP: 36/36 MP: 9/12
  4558 | D:4      | Reached skill level 6 in Poison Magic
  4611 | D:4      | Demolished by an ogre

Illustrated notes

Levels and vault maps discovered:
D:1:      amcnicky_arrival_feature_with_door, layout_basic,
          palyth_stone_intersect, corexii_leaking_fountain
D:2:      layout_rooms, uniq_robin, uniq_jessica
D:3:      layout_loops_ring, mainiacjoe_overflow_small_starburst,
          dreamdust_ecumenical_altar_angels_and_demons
D:4:      layout_loops_ring, serial_shops, nicolae_square_shop, uniq_sigmund

Skill      XL: |  1  2  3  4  5  6 |
---------------+-------------------+-----
Poison Magic   | 4 5 6 |  6.4
Spellcasting   | 3 4 |  4.4
Dodging        | |  2.5
Stealth        | |  2.6
Transmutations | |  1.0

Action                   |  1- 3 |  4- 6 || total
-------------------------+-------+-------++-------
Melee: Unarmed           |       |     2 ||     2
       Tentacles         |       |     1 ||     1
 Cast: Sting             |    52 |    99 ||   151
Invok: Whirlwind         |       |     2 ||     2
Armor: Skin              |     5 |     4 ||     9
Dodge: Dodged            |    22 |    41 ||    63
